 Dungeon Crawl Stone Soup version 0.31-a0-198-g2ad674f65e (webtiles) character file.

Game seed: 8601152687140327984

35 qw the Shooter (level 3, 0/20 HPs)
             Began as a Deep Elf Hunter on June 25, 2023.
             Slain by a gnoll
             ... wielding a +0 halberd
              (5 damage)
             ... on level 2 of the Dungeon.
             The game lasted 00:00:18 (669 turns).

qw the Shooter (Deep Elf Hunter)                     Turns: 669, Time: 00:00:19

Health: 0/20       AC:  6    Str: 10    XL:     3   Next: 17%
Magic:  5/5        EV: 11    Int: 13    God:
Gold:   24         SH:  0    Dex: 18    Spells: 2/2 levels left

rFire   . . .        Y - +0 shortbow
rCold   . . .        (shield currently unavailable)
rNeg    . . .        h - +0 ring mail
rPois   .            (no helmet)
rElec   .            g - +0 cloak
rCorr   .            (no gloves)
SInv    .            (no boots)
Will    .....        (no amulet)
Stlth   +            (no ring)
HPRegen 0.23/turn    (no ring)
MPRegen 0.09/turn

%: no passive effects
@: no status effects
A: no striking features
a: no special abilities


You were on level 2 of the Dungeon.
You visited 1 branch of the dungeon, and saw 2 of its levels.

You collected 24 gold pieces.


   Skills:
 - Level 1.5 Fighting
 + Level 6.8 Ranged Weapons
 - Level 2.4 Dodging
 - Level 1.2 Stealth


You had 2 spell levels left.
You didn't know any spells.
Your spell library was empty.

Inventory:

Hand Weapons
 Y - a +0 shortbow (weapon)
Armour
 g - a +0 cloak (worn)
 h - a +0 ring mail (worn)
Potions
 a - a potion of resistance {unknown}
 b - a potion of ambrosia {unknown}
 d - a potion of attraction {unknown}

Dungeon Overview and Level Annotations

Branches:
Dungeon (2/15)

Altars:


Message History

You now have 24 gold pieces (gained 12).
You see here a giant cockroach corpse.
You open the door.
There is an open door here.
Found 4 large rocks.
Enter note: You see here 4 large rocks.
A kobold comes into view. It is wielding a +0 club.
The kobold shouts!
You hear a shout!
A gnoll comes into view. It is wielding a +0 halberd.
You hear a shout!
Enter note: You shoot an arrow.
The arrow hits the kobold but does no damage.
A gnoll comes into view. It is wielding a +0 club.
You shoot an arrow. The gnoll shouts!
The arrow hits the kobold but does no damage.
A gnoll comes into view. It is wielding a +0 spear.
The kobold closely misses you.
A gnoll comes into view. It is wielding a +0 spear.
The gnoll moves out of view.
You shoot an arrow. The arrow closely misses the kobold.
The kobold hits you but does no damage.
You shoot an arrow. The arrow hits the kobold!
You kill the kobold!
665 ||| Stepping ~*~*~tactically~*~*~ (outnumbered).
You see here 4 large rocks.
You shoot an arrow.
The arrow hits the gnoll but does no damage.
You shoot an arrow. The arrow closely misses the gnoll.
The gnoll hits you from afar with a +0 halberd!
You shoot an arrow. The arrow hits the gnoll.
The gnoll is heavily wounded.
The gnoll misses you.
The gnoll hits you from afar with a +0 halberd.
You shoot an arrow. The arrow hits the gnoll.
The gnoll is almost dead.
The gnoll hits you from afar with a +0 halberd.
You die...

#######.....#.###.#.#
............#.# #.#.# #
######.#'#.#.# #.#.# . ..
#.#.#.#.###.#.# ###.#.
#.#.#.#.....#.## ...#.
#.#.#.###......# #.##...
#.#.#...........
#......###.#.#####.##.#%.
#.....gg@..#..........#.#
#.....############.#..#.#
+.... #....#....#.# ....
#.##......#.# ...
#.####.#.##.# .g
.#####+#......#....# .
..).....############
........+
........########


You could see 2 gnolls.

Vanquished Creatures
  2 ball pythons (D:1)
  10 bats (D:1)
  2 endoplasms (D:1)
  A giant cockroach (D:2)
  2 goblins
  3 hobgoblins (D:1)
  6 kobolds
  A quokka (D:1)
  2 frilled lizards
  4 rats (D:1)
33 creatures vanquished.

Notes
Turn   | Place    | Note
-------+----------+-------------------------------------------
     0 | D:1      | qw the Deep Elf Hunter began the quest for the Orb.
     0 | D:1      | Reached XP level 1. HP: 12/12 MP: 3/3
     0 | D:1      | 0 ||| qw: Version: 0.3-a-22-g0ed2b0b
     0 | D:1      | 0 ||| qw: Game counter: 5390
     0 | D:1      | 0 ||| qw: Melee chars always use a shield: true
     0 | D:1      | 0 ||| qw: God list: Okawaru
     0 | D:1      | 0 ||| qw: Allow faded altars: false
     0 | D:1      | 0 ||| qw: Do Orc after clearing Dungeon:15 true
     0 | D:1      | 0 ||| qw: Do second Lair branch before Depths: true
     0 | D:1      | 0 ||| qw: Lair rune preference: random
     0 | D:1      | 0 ||| qw: Goals: Normal
     0 | D:1      | 0 ||| PLANNING D:1-11
    72 | D:1      | Reached XP level 2. HP: 16/16 MP: 4/4
    73 | D:1      | Reached skill level 6 in Ranged Weapons
   307 | D:1      | Reached XP level 3. HP: 20/20 MP: 5/5
   455 | D:1      | 455 ||| UPGRADING to +0 cloak.
   460 | D:1      | 460 ||| UPGRADING to +0 ring mail.
   470 | D:1      | 470 ||| DROPPING +0 leather armour.
   471 | D:1      | 471 ||| READING scroll labelled DIONUB KAT.
   509 | D:1      | 509 ||| READING scroll labelled YKEORH BELITEENO.
   510 | D:1      | 510 ||| DROPPING scroll of butterflies.
   665 | D:2      | 665 ||| Stepping ~*~*~tactically~*~*~ (outnumbered).
   668 | D:2      | HP: 5/20 [gnoll/+0 halberd (6)]
   669 | D:2      | Slain by a gnoll

Levels and vault maps discovered:
D:1:      lemuel_arrival_tunnels, layout_rooms
D:2:      cheibrodos_old_hovel, layout_basic, basic_altar, serial_shops,
          nicolae_shop_just_a_little_nook, uniq_sigmund

Skill      XL: |  1  2 |
---------------+-------+-----
Ranged Weapons | 6 |  6.8
Fighting       | |  1.5
Dodging        | |  2.4
Stealth        | |  1.2

Action                     || total
---------------------------++-------
   Fire: Shortbow          ||    74
    Use: Scroll            ||     2
 Armour: Leather armour    ||    10
         Ring mail         ||     2
  Dodge: Dodged            ||    18

Table legend:
 A = Non-vault XP
 B = Vault XP
 C = Vault XP percentage of total XP
 D = Non-vault monster count
 E = Vault monster count
 F = Vault count percentage of total count
                 A         B        C        D         E       F
            +---------+---------+-------+---------+---------+-------
      Total |      51 |       0 |   0.0 |      33 |       0 |   0.0
            +---------+---------+-------+---------+---------+-------
        D:1 |      45 |       0 |   0.0 |      28 |       0 |   0.0
        D:2 |       6 |       0 |   0.0 |       5 |       0 |   0.0
            +---------+---------+-------+---------+---------+-------
